 Dungeon Crawl Stone Soup version 0.31-a0-1074-g0b22e4e0f1 (webtiles) character file.

Game seed: 15374397826758228974

23 drugrobin the Sneak (level 2, 0/25 HPs)
             Began as a Demigod Delver on Dec 5, 2023.
             Succumbed to an adder's poison
             ... on level 1 of the Dungeon.
             The game lasted 00:04:01 (707 turns).

drugrobin the Sneak (Demigod Delver)                 Turns: 707, Time: 00:04:02

Health: 0/25       AC:  3    Str: 13    XL:     2   Next: 57%
Magic:  4/4        EV: 11    Int: 12    God:
Gold:   56         SH:  0    Dex: 15    Spells: 1/1 levels left

rFire   . . .        a - +1 mace
rCold   . . .        (no shield)
rNeg    . . .        b - +0 leather armour
rPois   .            (no helmet)
rElec   .            (no cloak)
rCorr   .            (no gloves)
SInv    .            (no boots)
Will    .....        d - amulet of regeneration
Stlth   +++          (no ring)
HPRegen 1.04/turn    (no ring)
MPRegen 0.09/turn

%: no passive effects
@: lethally poisoned (0 -> -5), attractive
A: high MP 1, forlorn, divine attributes
a: no special abilities


You were on level 1 of the Dungeon.
You visited 1 branch of the dungeon, and saw 5 of its levels.

You collected 56 gold pieces.

Inventory:

Hand Weapons
 a - a +1 mace (weapon)
Armour
 b - a +0 leather armour (worn)
Jewellery
 d - an amulet of regeneration (around neck)
Wands
 g - a wand of digging (3)
Scrolls
 c - 3 scrolls of fog
 f - a scroll of identify {unknown}
 j - a scroll of brand weapon {unknown}
Potions
 h - 2 potions of attraction


   Skills:
 - Level 2.6 Fighting
 + Level 3.0 Maces & Flails
 - Level 1.7 Dodging
 - Level 4.5 Stealth


You had one spell level left.
You didn't know any spells.
Your spell library was empty.

Dungeon Overview and Level Annotations

Branches:
Dungeon (5/15)
 Temple: D:4-7

Annotations:
D:4 exclusion: iguana
D:5 exclusion: hound


Innate Abilities, Weirdness & Mutations

You have an increased reservoir of magic. (+10% MP)
You shall have no god before yourself.
Your divine heritage dramatically boosts your attributes as you level up.


Message History

Unknown command.
You miss the adder.
The adder is heavily wounded.
The adder barely misses you. x2
Unknown command.
You barely miss the adder.
The adder is heavily wounded.
The adder bites you. x2
You are poisoned.
The adder poisons you!
Unknown command.
Unknown command.
You closely miss the adder.
The adder is heavily wounded.
You feel very sick. The adder closely misses you.
Unknown command.
Unknown command.
You hit the adder.
The adder is almost dead.
You feel sick. The adder misses you. The adder bites you.
* * * LOW HITPOINT WARNING * * *
You are lethally poisoned!
The adder poisons you!
Unknown command.
Unknown command.
Okay, then.
It was a potion of attraction.
You feel attractive to monsters.
* * * LOW HITPOINT WARNING * * *
You feel sick. The adder bites you.
* * * LOW HITPOINT WARNING * * *
You are more poisoned.
The adder poisons you!
Unknown command.
Okay, then.
As you read the scroll labelled YSHRUL TEAVYKO, it crumbles to dust.
It is a scroll of enchant weapon.
Your +0 mace glows red for a moment.
You die...

#. ..#...............#
...
#.#..........#....#
...#...........>###..#
#.#.....##.##### #..##
..........# #.... ##
#.....#..#######g.## .
#.....#........S..# #.
##S# #.......S...##
#.###@###..#.###.....#
..###............#
#.##..#
...............#.#
#.##..#
.#####.#.####.###.
B###### #..#.# ....#
### ..#.#.# ......
#.##.#.##... #
#.##....#.#
#.........#


You could see an adder.

Vanquished Creatures
  An endoplasm (D:1)
  2 giant cockroaches
  5 hobgoblins
  4 kobolds (D:3)
  A quokka (D:2)
  3 bats
  A frilled lizard (D:1)
  2 goblins
  2 rats
21 creatures vanquished.

Notes
Turn   | Place    | Note
-------+----------+-------------------------------------------
     0 | D:5      | drugrobin the Demigod Delver began the quest for the Orb.
     0 | D:5      | Reached XP level 1. HP: 18/18 MP: 3/3
    42 | D:5      | Noticed a hound
    58 | D:5      | Noticed an ogre
   108 | D:4      | Noticed an iguana
   343 | D:3      | Reached XP level 2. HP: 25/25 MP: 4/4
   707 | D:1      | Succumbed to an adder's poison

Illustrated notes

Levels and vault maps discovered:
D:1:      minmay_arrival_split_and_join, layout_loops_ring, minmay_cut_off
D:2:      minmay_evil_eye, layout_rooms
D:3:      layout_basic, elyvilon_altar_1, minmay_misc_feat_roman
D:4:      layout_layer_cave, nicolae_dithmenos_shadow_blocks, uniq_sigmund
D:5:      layout_loops_ring, kennysheep_mini

Skill      XL: |  1  2 |
---------------+-------+-----
Maces & Flails | 2 3 |  3.0
Fighting       | |  2.6
Dodging        | |  1.7
Stealth        | |  4.5

Action                     || total
---------------------------++-------
  Melee: Mace              ||    70
  Throw: Dart              ||     7
    Use: Scroll            ||     3
         Potion            ||     2
   Stab: Sleeping          ||     9
 Armour: Leather armour    ||    48
  Dodge: Dodged            ||    54

Table legend: (Time is in decaauts)
 A = Elapsed time spent in this place.
 B = Non-inter-level travel time spent in this place.
 C = Inter-level travel time spent in this place.
 D = Time resting spent in this place.
 E = Time spent auto-exploring this place.
 F = Levels seen in this place.
 G = Mean time per level.
                   A        B        C        D        E       F      G
               +--------+--------+--------+--------+--------+-----+--------+
         Total |    709 |    709 |      0 |     74 |    186 |   5 |  141.8 |
       Dungeon |    709 |    709 |      0 |     74 |    186 |   5 |  141.8 |
               +--------+--------+--------+--------+--------+-----+--------+

Top non-repeatable levels by time:
     D:2: 216 daAuts
     D:3: 196 daAuts
     D:1: 121 daAuts
     D:5: 88 daAuts
     D:4: 87 daAuts
